AoeStats
← DK_Odysseo

Arena

507347352Analyzed
4v4 RM · 14d ago on Sep 17, 2026· 41m 12s· 8 players
Game mode
Random Map
Map size
Large (8 player)
Population
200
Speed
Normal
Resources
Standard
Victory
Conquest
Starting age
Dark Age
Ending age
Imperial Age
RankedLock teamsTeams togetherTeam positionsShared explorationLock speedFull tech treeHidden civsTurbo modeCheats
Victory
Defeat
🇧🇪 Celts · Belgium
1673
+12
🇪🇸 Slavs · Spain
1662
+12
1650
+13
🇪🇸 Bohemians · Spain
1635
+14
🇪🇸 Wei · Spain
1711
-18
🇪🇸 Bengalis · Spain
1571
-12
🇪🇸 Hindustanis · Spain
1541
-11
🇪🇸 Turks · Spain
1514
-10
DK_Nightclaim
10:36 Feudal Age
12:01 Loom
12:44 Loom
15:11 Castle Age
13:28 Double-Bit Axe
14:09 Horse Collar
16:34 Bow Saw
17:49 Fletching
18:32 Bodkin Arrow
23:34 Bloodlines
24:19 Padded Archer Armor
31:45 Leather Archer Armor
32:32 Wheelbarrow
32:43 Ballistics
36:02 Fortified Wall
38:39 Imperial Age
DK_Odysseo
5:44 Loom
8:30 Feudal Age
8:58 Double-Bit Axe
10:23 Horse Collar
16:42 Wheelbarrow
19:58 Castle Age
21:40 Bow Saw
21:31 Heavy Plow
26:09 Town Watch
27:25 Hand Cart
27:35 Gold Mining
27:36 Stone Mining
30:29 Scale Barding Armor
30:35 Forging
33:01 Imperial Age
31:00 Tuntian
31:37 Chain Barding Armor
32:04 Bloodlines
31:54 Husbandry
33:05 Fletching
33:11 Heavy Hei Guang Cavalry
33:11 Light Cavalry
39:47 Chemistry
39:08 Ballistics
CQ.TurpiAcho
10:56 Feudal Age
12:04 Horse Collar
14:48 Castle Age
12:56 Double-Bit Axe
15:47 Bow Saw
16:33 Loom
21:00 Heavy Plow
21:46 Wheelbarrow
22:41 Gold Mining
22:58 Light Cavalry
23:54 Loom
24:48 Gold Shaft Mining
25:42 Hand Cart
29:19 Imperial Age
27:41 Padded Archer Armor
31:03 Chemistry
30:25 Ballistics
30:11 Siege Engineers
32:10 Two-Man Saw
32:05 Conscription
32:00 Shatagni
34:21 Elite Ghulam
35:48 Leather Archer Armor
DK_Dani
11:18 Feudal Age
14:55 Castle Age
14:01 Double-Bit Axe
16:12 Bow Saw
17:10 Fervor
18:10 Horse Collar
21:40 Wheelbarrow
20:51 Loom
23:27 Bloodlines
23:21 Husbandry
26:20 Scale Barding Armor
26:38 Gold Mining
30:14 Imperial Age
29:28 Fletching
30:02 Ballistics
30:18 Bodkin Arrow
30:24 Padded Archer Armor
30:34 Thumb Ring
32:23 Heavy Plow
31:53 Heavy Cavalry Archer
32:58 Parthian Tactics
32:37 Bracer
32:52 Leather Archer Armor
33:18 Bombard Tower
34:23 Sipahi
35:40 Two-Man Saw
36:13 Chain Barding Armor
37:47 Hoardings
37:33 Conscription
37:51 Hoardings
38:32 Ring Archer Armor
38:39 Plate Barding Armor
38:40 Masonry
38:12 Treadmill Crane
Foskito
10:53 Feudal Age
9:26 Loom
11:15 Feudal Age
15:18 Castle Age
13:20 Double-Bit Axe
22:03 Horse Collar
23:05 Bow Saw
24:34 Wheelbarrow
23:44 Town Watch
30:28 Imperial Age
30:00 Forging
29:50 Scale Mail Armor
30:20 Hand Cart
30:47 Onager
34:21 Gold Mining
34:33 Heavy Plow
34:29 Siege Onager
36:38 Siege Engineers
37:54 Chemistry
38:27 Furor Celtica
40:42 Chain Mail Armor
40:57 Conscription
41:15 Iron Casting
42:06 Plate Mail Armor
Pelopincho
11:26 Feudal Age
14:57 Castle Age
13:03 Double-Bit Axe
14:21 Wheelbarrow
15:52 Bow Saw
15:24 Horse Collar
19:27 Gold Mining
19:39 Heavy Plow
23:09 Gold Shaft Mining
22:23 Loom
22:08 Pikeman
24:02 Squires
24:11 Squires
24:12 Scale Mail Armor
25:16 Hand Cart
25:19 Chain Mail Armor
26:05 Stone Mining
29:27 Imperial Age
27:34 Forging
28:10 Town Watch
30:26 Iron Casting
29:32 Halberdier
29:37 Capped Ram
31:19 Two-Man Saw
31:10 Conscription
31:45 Plate Mail Armor
31:07 Siege Ram
32:48 Druzhina
34:25 Blast Furnace
37:14 Crop Rotation
37:32 Onager
39:59 Caravan
Kamáximo Décimo Meridio
10:53 Feudal Age
14:28 Castle Age
12:09 Horse Collar
12:55 Double-Bit Axe
14:53 Wheelbarrow
17:32 Bow Saw
19:35 Loom
20:47 Forging
25:19 Gold Mining
29:16 Imperial Age
27:05 Hand Cart
26:50 Town Watch
26:36 Pikeman
27:16 Squires
27:51 Scale Mail Armor
28:27 Iron Casting
28:23 Stone Mining
28:34 Heavy Plow
29:40 Capped Ram
29:44 Halberdier
31:19 Conscription
31:19 Siege Ram
33:31 Chain Mail Armor
34:16 Blast Furnace
35:48 Two-Man Saw
35:32 Masonry
35:19 Man-at-Arms
36:21 Scale Barding Armor
37:14 Coinage
36:45 Caravan
37:04 Husbandry
37:14 Bloodlines
37:08 Marauders
37:29 Chain Barding Armor
38:03 Banking
37:33 Elite Tarkan
39:47 Gold Shaft Mining
40:57 Plate Barding Armor
40:42 Guilds
Can Can Club (CCC)
10:52 Feudal Age
12:30 Loom
15:06 Castle Age
13:22 Horse Collar
14:03 Double-Bit Axe
15:44 Wheelbarrow
16:06 Bow Saw
19:10 Chemistry
19:09 Town Watch
23:36 Padded Archer Armor
32:05 Leather Archer Armor
33:10 Heavy Plow
36:01 Imperial Age
33:46 Elite Skirmisher
34:18 Fletching
34:52 Ballistics
35:15 Bodkin Arrow
36:46 Bracer
37:17 Ring Archer Armor
Connection lost

Rejoining the realm…

Still unreachable

The connection could not be restored.

Session expired

The server has moved on; the page needs a fresh start.